 Dungeon Crawl Stone Soup version 0.28-a0-1382-g92835e5c71 (webtiles) character file.

Game seed: 1568611902356003617

1643 gimp the Cudgeller (level 9, -14/60 HPs)
             Began as a Djinni Wanderer on Jan 2, 2022.
             Was a Believer of Okawaru.
             Killed from afar by an acid dragon (28 damage)
             ... with a splash of acid
             ... on level 7 of the Dungeon.
             The game lasted 00:08:39 (6145 turns).

gimp the Cudgeller (Djinni Wanderer)                Turns: 6145, Time: 00:08:39

Health: -14/60     AC:  9    Str: 11    XL:     9   Next: 19%
Gold:   384        EV: 16    Int: 16    God:    Okawaru [**....] SH:  0 Dex: 15

rFire   + + +      SeeInvis .   a - +8 mace "Zeucif" {elec, +Blink}
rCold   x . .      Faith    .   d - orb {light}
rNeg    . . .      Spirit   .   c - +2 leather armour
rPois   ∞          Reflect  .   n - +2 helmet
rElec   .          Harm     .   o - scarf {+Inv}
rCorr   .          Rampage  .   (no gloves)
Will    .....                   (boots unavailable)
Stlth   +.........              (no amulet)
HPRegen 0.20/turn               h - ring of protection from fire
MPRegen 0.00/turn               (no ring)

@: heroic, flying, glowing
A: sickness immunity, fire resistance 2, cold vulnerability 1, float, innate
caster, hp casting, extra vitality 1
a: Renounce Religion, Evoke Blink, Evoke Invisibility, Heroism


You were on level 7 of the Dungeon.
You worshipped Okawaru.
Okawaru was pleased with you.
You visited 1 branch of the dungeon, and saw 7 of its levels.

You collected 384 gold pieces.

Inventory:

Hand Weapons
 a - the +8 mace "Zeucif" (weapon) {elec, +Blink}
   (You found it on level 2 of the Dungeon)

   It occasionally discharges a powerful burst of electricity upon striking a
   foe.
   +Blink:    It lets you blink.
 b - a +1 spear
Missiles
 u - a throwing net
Armour
 c - a +2 leather armour (worn)
 d - an orb of light (worn)
 n - a +2 helmet (worn)
 o - a scarf of invisibility (worn)
Jewellery
 h - a ring of protection from fire (left hand)
Scrolls
 e - 2 scrolls of teleportation
 i - a scroll of enchant weapon
Potions
 f - a potion of might {unknown}
 g - 5 potions of heal wounds
 j - 3 potions of mutation
 k - 3 potions of brilliance {unknown}
 l - 2 potions of curing
 m - 2 potions of cancellation {unknown}
 p - a potion of haste {unknown}
 q - 2 potions of ambrosia
 r - a potion of degeneration {unknown}
 s - a potion of berserk rage {unknown}
 t - a potion of flight {unknown}


   Skills:
 - Level 3.0(8.0) Fighting
 * Level 6.7(11.7) Maces & Flails
 - Level 1.0(6.0) Throwing
 - Level 4.0(9.0) Armour
 - Level 4.3(9.3) Dodging
 - Level 3.1 Spellcasting
 + Level 4.4 Invocations
 - Level 1.0 Evocations


You had one spell level left.
You knew the following spells:

 Your Spells              Type           Power      Damage    Failure   Level
a - Beastly Appendage     Tmut           24%        N/A       6%          1
b - Ignite Poison         Fire/Tmut/Pois 12%        N/A       19%         3
c - Apportation           Tloc           24%        N/A       6%          1
d - Wereblood             Tmut           12%        N/A       10%         2
e - Inner Flame           Hex/Fire       12%        N/A       19%         3
f - Swiftness             Air            12%        N/A       19%         3

Your spell library contained the following spells:

 Spells                   Type           Power      Damage    Failure   Level


Dungeon Overview and Level Annotations

Branches:
Dungeon (7/15)             Temple (0/1) D:6

Altars:
Elyvilon
Okawaru
Qazlal
Sif Muna
The Shining One


Innate Abilities, Weirdness & Mutations

You are immune to sickness and miasma.
You are immune to poison.
Your flesh is very heat resistant. (rF++)
You are vulnerable to cold. (rC-)
You float through the air rather than walking.
You learn spells naturally, not from books.
Your magical power is your life essence.
You have superior vitality. (+4 MHP)


Message History

An acid dragon is nearby!
You barely miss the acid dragon.
The acid dragon bites you but does no damage.
The acid dragon closely misses you.
You sock the acid dragon!
The acid dragon is moderately wounded.
The acid dragon bites you. The acid dragon closely misses you.
You take 4 damage, and have 36/60 hp.
You barely miss the acid dragon.
The acid dragon is moderately wounded.
The acid dragon closely misses you. The acid dragon claws you.
You take 4 damage, and have 32/60 hp.
You sock the acid dragon!
The acid dragon is severely wounded.
The acid dragon bites you. The acid dragon claws you.
You take 8 damage, and have 24/60 hp.
You aren't carrying any items that you can evoke.
Unknown command.
You completely miss the acid dragon.
The acid dragon is severely wounded.
The acid dragon bites you but does no damage.
The acid dragon claws you.
You take 5 damage, and have 19/60 hp.
You hit the acid dragon but do no damage.
The acid dragon is severely wounded.
The acid dragon barely misses you. The acid dragon closely misses you.
You gain the combat prowess of a mighty hero.
The acid dragon bites you.
* * * LOW HITPOINT WARNING * * *
The acid dragon claws you but does no damage.
You take 6 damage, and have 13/60 hp.
You completely miss the acid dragon.
The acid dragon is severely wounded.
The acid dragon bites you but does no damage.
The acid dragon claws you but does no damage.
You sock the acid dragon!
The acid dragon is almost dead.
The acid dragon spits acid at you. The splash of acid hits you!!
You die...

._
#.......#..........#
####.###############
♣♣.♣♣ #♣...♣#
#.....# #♣...♣#
♣♣.♣♣ ♣.♣ ♣@♣♣
≈≈≈≈♣.♣ ♣♣D♣ ≈≈≈≈♣.♣
♣♣.♣♣ ≈≈≈.... #♣..♣♣
≈≈...≈. #.♣♣.♣#
≈...≈≈≈ #)♣♣♣.#
...≈≈≈≈
#...♣.♣♣♣...P#
#...♣.D..D..#
#♣♣.♣♣♣♣♣...P#


You could see an acid dragon (catching breath).

Vanquished Creatures
  A vampire mosquito (D:7)
  2 water moccasins
  A necrophage (D:6)
  2 ogres
  A centaur (D:5)
  A phantom (D:5)
  A kobold brigand (D:7)
  A scorpion (D:7)
  2 howler monkeys
  2 bullfrog zombies (D:6)
  4 hounds
  A jelly (D:6)
  A centaur skeleton (D:6)
  An orc priest (D:4)
  2 bullfrog skeletons
  3 iguanas (D:4)
  2 orc wizards (D:5)
  A scorpion zombie (D:5)
  2 howler monkey zombies (D:6)
  A howler monkey skeleton (D:6)
  3 gnolls (D:2)
  5 adders
  A shadow imp (D:6)
  An adder skeleton (D:4)
  A worm (D:2)
  A dart slug (D:4)
  15 orcs
  10 endoplasms
  2 giant cockroaches (D:2)
  6 goblins
  5 hobgoblins
  3 jackals (D:2)
  4 quokkas
  2 ball pythons
  8 bats
  A frilled lizard (D:3)
  13 kobolds
  3 rats
116 creatures vanquished.

Vanquished Creatures (others)
  5 plants
5 creatures vanquished.

Grand Total: 121 creatures vanquished

Notes
Turn   | Place    | Note
-------+----------+-------------------------------------------
     0 | D:1      | gimp the Djinni Wanderer began the quest for the Orb.
     0 | D:1      | Reached XP level 1. HP: 15/15 MP: 0/0
   245 | D:1      | Found a faded altar of an unknown god.
   310 | D:1      | Reached XP level 2. HP: 16/21 MP: 0/0
  1153 | D:1      | Reached XP level 3. HP: 25/25 MP: 0/0
  1153 | D:1      | Learned a level 1 spell: Apportation
  1591 | D:2      | Identified the +8 mace "Zeucif" {elec, +Blink}
  1777 | D:2      | Reached XP level 4. HP: 31/31 MP: 0/0
  1783 | D:2      | Reached skill level 1 in Maces & Flails
  2509 | D:3      | Reached skill level 1 in Fighting
  2616 | D:4      | Reached XP level 5. HP: 11/37 MP: 0/0
  2616 | D:4      | Learned a level 2 spell: Wereblood
  2989 | D:4      | Reached skill level 2 in Maces & Flails
  3292 | D:4      | Found a white marble altar of Elyvilon.
  3295 | D:4      | Found a stormy altar of Qazlal.
  3295 | D:4      | Found an iron altar of Okawaru.
  3298 | D:4      | Found a glowing golden altar of the Shining One.
  3419 | D:4      | Became a worshipper of Warmaster Okawaru
  3451 | D:4      | Noticed an ogre
  3458 | D:4      | Killed an ogre
  3459 | D:4      | Reached XP level 6. HP: 14/43 MP: 0/0
  3946 | D:4      | Reached skill level 3 in Maces & Flails
  4069 | D:5      | Entered Level 5 of the Dungeon
  4099 | D:5      | Reached XP level 7. HP: 42/49 MP: 0/0
  4099 | D:5      | Learned a level 3 spell: Inner Flame
  4158 | D:5      | Reached * piety under Okawaru
  4271 | D:5      | Noticed a water moccasin
  4276 | D:5      | Killed a water moccasin
  4277 | D:5      | Reached skill level 4 in Maces & Flails
  4300 | D:5      | Reached skill level 1 in Invocations
  4300 | D:5      | Reached XP level 8. HP: 39/56 MP: 0/0
  4723 | D:6      | Reached skill level 5 in Maces & Flails
  4910 | D:6      | Reached ** piety under Okawaru
  5127 | D:6      | Identified the +0 leather armour of Ru's Scorn {Dex+9}
  5384 | D:6      | Reached skill level 6 in Maces & Flails
  5607 | D:6      | Found a staircase to the Ecumenical Temple.
  5834 | D:6      | Reached XP level 9. HP: 60/60 MP: 0/0
  5834 | D:6      | Learned a level 3 spell: Swiftness
  6145 | D:7      | Killed from afar by an acid dragon

Illustrated notes

Levels and vault maps discovered:
D:1:      minmay_arrival_three_doors, layout_rooms,
          hellmonk_ecumenical_altar_zigzags, corner_web_ring,
          chequers_serial_rivers_small_b
D:2:      minmay_angry_zag, layout_basic, minmay_heptomino_o4
D:3:      layout_loops_ring, chequers_decorated_corner,
          chequers_serial_rivers_small_a
D:4:      layout_loops_ring, grunt_temple_overflow_open, serial_forest,
          infiniplex_forest_end_3, infiniplex_forest_clump_C,
          infiniplex_forest_lined_3_way, infiniplex_forest_lined_room_2,
          infiniplex_forest_lined_2
D:5:      layout_basic, corexii_corridor_pit
D:6:      layout_gridville, minmay_temple_entry_antechambers, grunt_tough_drop
D:7:      nzn_winding_woodlands_large [nzn_winding_woodlands_5x5_default,
          nzn_winding_woodlands_5x15_crooked, nzn_winding_woodlands_5x5_three,
          nzn_winding_woodlands_center_triple_pond,
          nzn_winding_woodlands_15x15_eel_pit,
          nzn_winding_woodlands_center_diamonds,
          nzn_winding_woodlands_5x5_perimeter,
          nzn_winding_woodlands_5x15_pockets, nzn_winding_woodlands_hourglass],
          layout_loops_ring, mainiacjoe_overflow_tiny_flanked,
          minmay_unpleasant_kobolds, uniq_pikel

Skill      XL: |  1  2  3  4  5  6  7  8  9 |
---------------+----------------------------+-----
Spellcasting   | 3 |  3.1
Maces & Flails | 1 2 3 4 6 |  6.7
Armour         | 2 3 4 |  4.0
Fighting       | 1 2 3 |  3.0
Invocations    | 1 3 4 |  4.4
Throwing       | |  1.0
Dodging        | |  4.3
Evocations     | |  1.0

Action                   |  1- 3 |  4- 6 |  7- 9 || total
-------------------------+-------+-------+-------++-------
Melee: Club              |    17 |       |       ||    17
       Short sword       |    34 |       |       ||    34
       Spear             |    51 |       |       ||    51
       Headbutt          |     5 |     3 |       ||     8
       Mace              |    18 |    91 |   131 ||   240
 Cast: Beastly Appendage |     7 |     2 |       ||     9
Invok: Heroism           |       |       |     2 ||     2
  Use: Scroll            |     1 |     7 |     3 ||    11
 Stab: Sleeping          |     2 |       |       ||     2
Armor: Leather armour    |    43 |    26 |    55 ||   124
Dodge: Dodged            |    94 |    68 |    82 ||   244

Table legend: (Time is in decaauts)
 A = Elapsed time spent in this place.
 B = Non-inter-level travel time spent in this place.
 C = Inter-level travel time spent in this place.
 D = Time resting spent in this place.
 E = Time spent auto-exploring this place.
 F = Levels seen in this place.
 G = Mean time per level.
                   A        B        C        D        E       F      G
               +--------+--------+--------+--------+--------+-----+--------+
         Total |   6213 |   5993 |    220 |    738 |   4208 |   7 |  887.6 |
       Dungeon |   6213 |   5993 |    220 |    738 |   4208 |   7 |  887.6 |
               +--------+--------+--------+--------+--------+-----+--------+

Top non-repeatable levels by time:
     D:1: 1395 daAuts
     D:3: 1218 daAuts
     D:4: 1175 daAuts
     D:6: 1165 daAuts
     D:2: 548 daAuts
     D:5: 438 daAuts
     D:7: 272 daAuts
